 Dungeon Crawl Stone Soup version 0.25.0-3-gd7cc5688da (webtiles) character file.

Game seed: 12401294338539182056

4629 mopl the Cleaver (level 10, -1/80 HPs)
             Began as a Hill Orc Gladiator on June 15, 2020.
             Was a Priest of Beogh.
             Collided with a crystal wall (4 damage)
             ... caused by Erica
             ... on level 9 of the Dungeon on June 16, 2020.
             The game lasted 00:15:07 (11367 turns).

mopl the Cleaver (Hill Orc Gladiator)              Turns: 11367, Time: 00:15:10

Health: -1/80      AC: 11    Str: 19    XL:     10   Next: 42%
Magic:  18/18      EV: 12    Int:  8    God:    Beogh [***...]
Gold:   195        SH:  0    Dex: 14    Spells: 9/9 levels left

rFire    . . .     SeeInvis .   a - +0 broad axe
rCold    + . .     Gourm    .   (no shield)
rNeg     . . .     Faith    .   z - +2 ring mail {rC+}
rPois    .         Spirit   .   f - +0 helmet
rElec    .         Reflect  .   (no cloak)
rCorr    .         Harm     .   (no gloves)
MR       .....                  n - +2 pair of boots
Stlth    +.........             (no amulet)
HPRegen  0.23/turn              r - ring of flight
MPRegen  0.16/turn              (no ring)

@: no status effects
A: no striking features
a: Smiting, Renounce Religion, Evoke Flight


You were on level 9 of the Dungeon.
You worshipped Beogh.
Beogh was most pleased with you.
You were not hungry.

You visited 1 branch of the dungeon, and saw 9 of its levels.
You also visited: Ossuary.

You collected 475 gold pieces.
You spent 280 gold pieces at shops.

Inventory:

Hand Weapons
 a - a +0 broad axe (weapon)
 m - a +2 dagger of venom
 P - a +2 war axe
Missiles
 d - 4 throwing nets
 i - 12 boomerangs
 p - 5 curare-tipped darts
 F - 3 boomerangs of dispersal
 I - 14 poisoned darts (quivered)
 M - 5 datura-tipped darts
Armour
 f - a +0 helmet (worn)
 n - a +2 pair of boots (worn)
 z - a +2 ring mail of cold resistance (worn)
 G - a +0 plate armour
Jewellery
 r - a ring of flight (left hand)
 E - the ring "Qigrump" {rF- MR+ Int+6}
   (You took it off a gnoll on level 6 of the Dungeon)

   [ring of protection from magic]

   It affects your intelligence (+6).
   It makes you vulnerable to fire.
   It affects your resistance to hostile enchantments.
Wands
 A - a wand of flame (19)
 H - a wand of iceblast (2)
 L - a wand of polymorph (9)
 N - a wand of acid (5)
Scrolls
 h - 2 scrolls of amnesia {unknown}
 k - 3 scrolls of remove curse
 q - a scroll of enchant weapon {unknown}
 s - 6 scrolls of teleportation
 y - 4 scrolls of blinking {unknown}
 B - a scroll of magic mapping
 D - a scroll of fear {unknown}
 O - a scroll of vulnerability {unknown}
 Q - a scroll of acquirement {unknown}
Potions
 b - 6 potions of curing
 e - a potion of mutation
 g - 4 potions of lignification {unknown}
 j - 2 potions of resistance {unknown}
 l - 3 potions of berserk rage
 o - 4 potions of brilliance
 t - 2 potions of heal wounds
 u - a potion of invisibility
 v - 2 potions of ambrosia {unknown}
 w - 2 potions of magic
 x - a potion of haste
 C - a potion of degeneration {unknown}
 J - a potion of cancellation {unknown}
 K - a potion of flight {unknown}
Comestibles
 c - 21 rations


   Skills:
 + Level 4.4 Fighting
 * Level 13.4 Axes
 + Level 3.3 Throwing
 + Level 3.1 Armour
 + Level 3.6 Dodging
 * Level 11.1 Invocations


You had 9 spell levels left.
You didn't know any spells.
Your spell library contained the following spells:

 Spells                   Type           Power        Failure   Level  Hunger
 Sting                    Tmut/Pois      #...         58%         1    ##.....
 Poisonous Vapours        Pois/Air       #.....       73%         2    ###....
 Ignite Poison            Fire/Tmut/Pois #.......     91%         3    ####...
 Mephitic Cloud           Conj/Pois/Air  #.......     91%         3    ####...
 Olgreb's Toxic Radiance  Pois           #.......     100%        4    #####..


Dungeon Overview and Level Annotations

Branches:
Dungeon (9/15)             Temple (0/1) D:7         Ossuary (visited)
   Lair: D:8-11         Orc: D:9-12

Altars:
Ashenzari
Dithmenos
Elyvilon
Fedhas
Nemelex Xobeh
Okawaru
Uskayaw
Vehumet
Wu Jian
Yredelemnul
Zin

Annotations:
D:6 2 transporters
D:8 fly
D:9 Erica


Message History

You feel sick.
You feel sick.
You are no longer poisoned.
You closely miss the leopard gecko. The leopard gecko bites you.
You closely miss the leopard gecko. The leopard gecko closely misses you.
You slash the leopard gecko!
You kill the leopard gecko!
Beogh accepts your kill. Something hits you. Something burns you.
You closely miss something. Something completely misses you.
You hit something. Something hits you. Something burns you.
You closely miss something. You barely miss something.
You hear some strange, mumbled words.
A lance of force appears from out of thin air!
The lance of force hits you!!
* * * LOW HITPOINT WARNING * * *
You are knocked back by the lance of force.
You slam into the crystal wall!
You die...

# #...##.#..## .#
..#.#....#.#..# ..#
......._......# ..#
.#.#.#....#.#.# ..##
#
#.##...#.#.#####...#
#....###.#.......#
#.####.....#.......#
#).....#####.##l####
#.#.#####..#@....##.#
#............######{#
###.#####.##{# #.#
#.##l# #.#
..##.######.#
#####......l.#
##########


You could see an iguana.

Vanquished Creatures
  A two-headed ogre (D:7)
  2 hippogriffs
  A spriggan (D:8)
  A water moccasin (D:8)
  2 sky beasts
  3 ice beasts
  2 phantoms
  A necrophage (D:6)
  4 ogres
  2 centaurs
  7 bullfrogs
  2 scorpions
  A howler monkey (D:4)
  2 oklob saplings (D:8)
  4 wights (D:6)
  An electric eel (D:8)
  A bullfrog zombie (D:6)
  5 crimson imps
  An orc priest (D:7)
  5 hounds
  7 orc wizards
  A centaur skeleton (D:8)
  An iguana (D:4)
  A bullfrog skeleton (D:4)
  3 worker ants
  2 big kobold zombies (Ossuary)
  A hound zombie (D:8)
  2 mummies (Ossuary)
  15 gnolls
  11 adders
  A shadow imp (D:6)
  3 oozes
  7 adder zombies
  5 adder skeletons
  2 worms
  9 leopard geckos
  41 orcs
  6 ball pythons (D:8)
  3 giant cockroaches
  5 gnoll zombies
  16 goblins
  7 hobgoblins
  18 jackals
  3 quokkas
  7 bats
  8 frilled lizards
  9 hobgoblin zombies (Ossuary)
  A jackal skeleton (D:4)
  7 kobolds
  3 kobold zombies (Ossuary)
  2 leopard gecko skeletons
  5 orc zombies (Ossuary)
  7 rats
  2 plants (D:8)
269 creatures vanquished.

Vanquished Creatures (others)
  A quokka (D:8)
  2 plants (D:8)
3 creatures vanquished.

Grand Total: 272 creatures vanquished

Notes
Turn   | Place    | Note
-------+----------+-------------------------------------------
     0 | D:1      | mopl the Hill Orc Gladiator began the quest for the Orb.
     0 | D:1      | Reached XP level 1. HP: 18/18 MP: 1/1
   436 | D:1      | Reached XP level 2. HP: 22/25 MP: 2/2
   451 | D:1      | Reached skill level 5 in Axes
  1125 | D:2      | Reached XP level 3. HP: 20/30 MP: 3/3
  1429 | D:1      | Reached skill level 6 in Axes
  1660 | D:2      | Reached XP level 4. HP: 33/37 MP: 4/4
  1943 | D:2      | Reached skill level 7 in Axes
  2421 | D:2      | Reached XP level 5. HP: 24/42 MP: 5/5
  2700 | D:3      | Reached skill level 8 in Axes
  2799 | D:3      | Found a white marble altar of Elyvilon.
  2935 | D:3      | Became a worshipper of Elyvilon the Healer
  2971 | D:3      | Found an iron altar of Okawaru.
  2986 | D:3      | Reached skill level 1 in Invocations
  3048 | D:3      | Reached XP level 6. HP: 46/50 MP: 5/7
  3409 | D:3      | Found a basalt altar of Yredelemnul.
  3486 | D:4      | Reached * piety under Elyvilon
  3497 | D:4      | Found a sand-covered staircase.
  3512 | Ossuary  | Entered an ossuary
  4232 | D:4      | Found an ornate altar of the Wu Jian Council.
  4242 | D:4      | Reached skill level 9 in Axes
  4299 | D:4      | Found Joujorag's Magic Scroll Shop.
  4307 | D:4      | Found a sparkling altar of Nemelex Xobeh.
  4315 | D:4      | Reached XP level 7. HP: 36/56 MP: 9/9
  4446 | D:4      | Bought a scroll of noise for 11 gold pieces
  4446 | D:4      | Bought 2 scrolls of identify for 44 gold pieces
  4446 | D:4      | Bought a scroll of teleportation for 33 gold pieces
  4446 | D:4      | Bought a scroll of magic mapping for 38 gold pieces
  4446 | D:4      | Bought a scroll of remove curse for 33 gold pieces
  4548 | D:4      | Fell from the grace of Elyvilon
  4548 | D:4      | Became a worshipper of Beogh the Brigand
  4910 | D:5      | Entered Level 5 of the Dungeon
  4930 | D:4      | Reached skill level 5 in Invocations
  5081 | D:5      | Found a radiant altar of Vehumet.
  5373 | D:4      | Reached skill level 10 in Axes
  5485 | D:4      | Reached XP level 8. HP: 21/62 MP: 12/12
  6506 | D:4      | Bought a scroll of teleportation for 33 gold pieces
  6506 | D:4      | Bought a scroll of teleportation for 33 gold pieces
  6506 | D:4      | Bought a scroll of identify for 22 gold pieces
  6506 | D:4      | Bought a scroll of teleportation for 33 gold pieces
  6603 | D:6      | Reached * piety under Beogh
  6821 | D:6      | Reached skill level 11 in Axes
  6891 | D:6      | Found a transporter.
  6891 | D:6      | Found a shimmering blue altar of Sif Muna.
  6893 | D:6      | Noticed a cyclops
  6902 | D:6      | Noticed a spriggan
  6902 | D:6      | a golden eye changed into a spriggan
  7056 | D:6      | Was forgiven by Elyvilon
  7482 | D:6      | Reached XP level 9. HP: 65/68 MP: 15/15
  7572 | D:6      | Found a glowing silver altar of Zin.
  7578 | D:6      | Found a hide-covered altar of Uskayaw.
  7581 | D:6      | Found a radiant altar of Vehumet.
  7726 | D:6      | Found a transporter.
  7737 | D:6      | Noticed a polar bear
  7749 | D:6      | Noticed a salamander
  7749 | D:6      | a polar bear changed into a salamander
  7845 | D:6      | Reached skill level 12 in Axes
  7991 | D:6      | Identified the ring "Qigrump" {rF- MR+ Int+6}
  8341 | D:7      | Found a staircase to the Ecumenical Temple.
  8350 | D:7      | Reached ** piety under Beogh
  8635 | D:7      | Found a shadowy altar of Dithmenos.
  8835 | D:7      | Reached skill level 1 in Armour
  9073 | D:7      | Found a blossoming altar of Fedhas.
  9140 | D:7      | Reached skill level 10 in Invocations
  9500 | D:7      | Noticed a two-headed ogre
  9519 | D:7      | Killed a two-headed ogre
  9519 | D:7      | Reached skill level 13 in Axes
  9519 | D:7      | Reached XP level 10. HP: 36/78 MP: 17/17
  9811 | D:7      | Found a sparkling altar of Nemelex Xobeh.
 10411 | D:8      | Reached *** piety under Beogh
 10501 | D:8      | Found a blossoming altar of Fedhas.
 11279 | D:9      | Found a shattered altar of Ashenzari.
 11317 | D:9      | Noticed Erica
 11367 | D:9      | HP: 3/80 [something/lance of force (25)]
 11367 | D:9      | Collided with a crystal wall

Illustrated notes

Levels and vault maps discovered:
D:1:      tarquinn_simple_flora_water_e, layout_rooms, minmay_cupped
D:2:      layout_basic, first_ration
D:3:      layout_loops_ring, lemuel_zombie_altar_yredelemnul, elyvilon_altar_5,
          okawaru_ov_weapons_minmay
D:4:      layout_gridville, lemuel_doored_altar, lemuel_crystal_altar,
          serial_shops, nicolae_shop_statue_plus,
          lightli_ossuary_entry_decrepit_ruins
D:5:      layout_rooms, wad_floor_pattern_untrapped, grunt_ministairs_13,
          vehumet_altar_wand_db
D:6:      layout_basic, grunt_temple_overflow_diamond,
          gammafunk_temple_overflow_arena, nicolae_overflow_hidden_temple,
          minmay_ogre_servants
D:7:      layout_gridville, nicolae_dithmenos_shadow_blocks,
          fedhas_ov_isle_minmay, minmay_temple_entry_statues_fountains,
          nemelex_dance_club_becter
D:8:      layout_basic, the_bakery, introduction_to_nature_2
D:9:      layout_loops_ring, nicolae_overflow_crystal_walls, david_orc_2,
          uniq_erica, uniq_pikel

Skill      XL: |  1  2  3  4  5  6  7  8  9 10 |
---------------+-------------------------------+-----
Axes           | 5 6 7 8 9 10 11 13 | 13.4
Invocations    | 1 3 6 8 10 11 | 11.1
Throwing       | 2 3 |  3.3
Armour         | 2 3 |  3.1
Fighting       | 3 4 |  4.4
Dodging        | 3 |  3.6

Action                   |  1- 3 |  4- 6 |  7- 9 | 10-12 || total
-------------------------+-------+-------+-------+-------++-------
Melee: War axe           |    94 |   294 |   401 |   160 ||   949
       Broad axe         |       |       |       |     7 ||     7
Throw: Dart              |       |       |     4 |       ||     4
Invok: Convert to Beogh  |       |       |     1 |       ||     1
       Smiting           |       |       |       |     1 ||     1
Evoke: Wand              |       |       |       |    13 ||    13
  Use: Scroll            |       |       |     7 |     1 ||     8
       Potion            |       |       |     1 |       ||     1
  Eat: Chunk             |     2 |     9 |    11 |     5 ||    27
       Ration            |       |       |     2 |       ||     2
Armor: Leather armour    |    18 |       |       |       ||    18
       Ring mail         |    10 |    24 |   103 |    54 ||   191
       Scale mail        |       |    87 |    74 |       ||   161
Dodge: Dodged            |    59 |   148 |   215 |    88 ||   510
